NEW YORK I vs NEW YORK R

Created - January 10, 2021 at 07:07

Goals
1 2 3 OT1 SO T
NEW YORK I 0 1 0 0 1 2
NEW YORK R 0 1 0 0 0 1
Shots
1 2 3 OT1 SO T
NEW YORK I 8 12 5 4 3 29
NEW YORK R 6 5 7 3 3 21

1st period

No Goal

Penalties :
Tom Wilson (NYR) for Fighting (Major) at 4:20, Austin Watson (NYI) for Fighting (Major) at 4:20, Cedric Paquette (NYI) for Tripping (Minor) at 14:21

2nd period

1. NEW YORK R , Jonathan Marchessault 1 (Nico Hischier 1, Andrew Cogliano 2) at 4:45
2. NEW YORK I , Austin Watson 1 (Matt Dumba 1) at 9:16

Penalties :
Tom Wilson (NYR) for Hooking (Minor) at 2:05, Austin Watson (NYI) for Holding (Minor) at 6:18, Troy Stecher (NYI) for Goalie Interference (Minor) at 13:35, Nick Foligno (NYI) for Holding (Minor) at 18:31

3rd period

No Goal

Penalties :
No Penalty

Overtime #1

No Goal

Penalties :
No Penalty

Shootout

NEW YORK I, Logan Couture - Goal!
NEW YORK R, Leon Draisaitl - Shot Misses the Net
NEW YORK I, Anthony Mantha - Stopped by Frederik Andersen
NEW YORK R, Artemi Panarin - Stopped by Jacob Markstrom
NEW YORK I, Brandon Saad - Stopped by Frederik Andersen
NEW YORK R, Bo Horvat - Stopped by Jacob Markstrom

Penalties :
No Penalty

Goalie Stats

Jacob Markstrom (NYI), 20 saves from 21 shots - (0.952), W, 2-2-0, 65:00 minutes
Frederik Andersen (NYR), 28 saves from 29 shots - (0.966), OTL, 2-1-1, 65:00 minutes

Players Stats for NEW YORK I

Player Name              G  A  P  +/- PIM S  H  SB GA TA FO     MP     PP MP  PK MP  
------------------------------------------------------------------------------------
Anthony Mantha           0  0  0   0  0   2  5  0  0  0  0/0    14:12   0:45   0:00 
Austin Watson            1  0  1   0  7   1  3  0  0  0  1/1    15:14   0:00   3:06 
Ben Hutton               0  0  0  -1  0   1  1  3  0  0  0/0    18:55   0:00   0:00 
Boone Jenner             0  0  0   0  0   0  1  0  0  0  11/16  18:30   0:00   4:34 
Brandon Saad             0  0  0   0  0   3  1  0  0  0  0/0    14:12   0:45   0:00 
Carter Rowney            0  0  0   0  0   0  0  0  0  0  0/0     2:44   0:00   2:23 
Cedric Paquette          0  0  0   0  2   1  0  0  0  0  1/2    10:50   0:00   1:44 
Esa Lindell              0  0  0   0  0   2  0  0  0  0  0/0    21:29   0:45   3:53 
Jared Spurgeon           0  0  0   1  0   0  1  2  0  0  0/0    17:06   1:14   0:00 
Josh Bailey              0  0  0   0  0   0  0  0  0  0  0/0    16:23   1:14   0:00 
Logan Couture            0  0  0   0  0   5  0  0  0  0  10/23  17:10   1:14   0:14 
Marcus Foligno           0  0  0   0  0   0  1  0  0  0  1/1    14:29   0:00   0:00 
Matt Dumba               0  1  1   1  0   1  2  1  0  0  0/0    23:01   0:00   4:03 
Nick Foligno             0  0  0   0  2   0  7  0  0  0  0/0    20:53   1:14   1:37 
Pat Maroon               0  0  0   0  0   2  0  0  0  0  0/0    11:42   0:00   0:50 
Pierre-Edouard Bellemare 0  0  0   0  0   2  0  0  0  0  11/16  11:50   0:00   1:24 
Rasmus Ristolainen       0  0  0   0  0   0  4  1  0  0  0/0    21:58   1:14   3:53 
Ryan Strome              0  0  0   0  0   6  0  0  0  0  6/14   14:12   0:45   0:00 
Scott Mayfield           0  0  0   0  0   1  0  0  0  0  0/0     5:09   0:45   4:03 
Troy Stecher             0  0  0  -1  2   2  0  1  0  0  0/0    17:00   0:00   0:00 

Players Stats for NEW YORK R

Player Name              G  A  P  +/- PIM S  H  SB GA TA FO     MP     PP MP  PK MP  
------------------------------------------------------------------------------------
Andrew Cogliano          0  1  1   0  0   2  1  0  0  0  1/2    17:50   0:00   0:12 
Artemi Panarin           0  0  0   0  0   5  1  0  0  0  0/3    23:37   4:06   1:22 
Bo Horvat                0  0  0   0  0   1  1  1  0  0  12/28  23:13   3:50   0:25 
Brendan Lemieux          0  0  0   0  0   0  0  0  0  0  0/0     2:36   0:00   0:00 
Brett Pesce              0  0  0   0  0   2  0  2  0  0  0/0    19:14   3:25   0:47 
Cam Fowler               0  0  0   0  0   0  1  2  0  0  0/0    17:53   0:00   0:00 
Colton Parayko           0  0  0   0  0   1  0  2  0  0  0/0    26:03   4:31   1:12 
Connor Brown             0  0  0   0  0   1  3  0  0  0  1/1    19:59   3:50   0:00 
Gabriel Vilardi          0  0  0   0  0   0  0  0  0  0  0/0     0:00   0:00   0:00 
Jake DeBrusk             0  0  0   0  0   1  0  0  0  0  1/1    18:55   2:46   0:00 
Jonathan Marchessault    1  0  1   0  0   3  2  0  0  0  4/9    15:46   0:00   0:49 
Leon Draisaitl           0  0  0   0  0   2  0  0  0  0  11/22  26:21   4:06   1:10 
Marc-Edouard Vlasic      0  0  0   0  0   1  1  2  0  0  0/0    21:04   3:25   0:47 
Mike Matheson            0  0  0   0  0   1  1  0  0  0  0/0    17:53   0:00   0:00 
Nico Hischier            0  1  1   0  0   1  0  0  0  0  1/5    17:33   0:00   0:00 
Sam Steel                0  0  0   0  0   0  0  0  0  0  0/1     3:31   1:04   0:00 
Seth Jones               0  0  0   0  0   0  1  0  0  0  0/0    22:53   4:31   1:12 
Tom Wilson               0  0  0   0  7   0  0  0  0  0  1/1    18:38   4:06   0:00 

3 Stars

1 - Frederik Andersen (NYR)
2 - Jonathan Marchessault (NYR)
3 - Matt Dumba (NYI)

Power Play

NEW YORK I - 0 on 1 Attempt(s) - 0.00%
NEW YORK R - 0 on 4 Attempt(s) - 0.00%

Penalty Kill

NEW YORK I - 4 on 4 Attempt(s) - 100.00% - Score 0 goal in Penalty Kill
NEW YORK R - 1 on 1 Attempt(s) - 100.00% - Score 0 goal in Penalty Kill

Team Stat

NEW YORK I - Hits : 26 - Faceoff Wins : 41 - Blocked Shots : 8 - Penalty Minutes : 13
NEW YORK R - Hits : 12 - Faceoff Wins : 32 - Blocked Shots : 9 - Penalty Minutes : 7

Official

Referees : Jake Brenk and Adam Bloski
Linesman : Pierre Racicot and Julien Fournier

Game Notes

Tom Wilson beats up Austin Watson at 4:20 of 1st period

Finance

Level 1 -- Attendance: 4417 (73.62%) -- Ticket Income $441,700
Level 2 -- Attendance: 3171 (63.42%) -- Ticket Income $221,970
Level 3 -- Attendance: 1297 (64.85%) -- Ticket Income $58,365
Level 4 -- Attendance: 3922 (98.05%) -- Ticket Income $78,440
Luxury Box -- Attendance: 910 (91.00%) -- Ticket Income $166,530
Game was played at the Madison Square Garden.
Total Attendance: 13717 (76.21%)
Total Ticket Income: $967,005
Total Income: $967,005

NEW YORK I

5 vs 5 Forward 
   Center                   Left Wing                Right Wing               Time % Phy DF OF 
 1 Logan Couture            Nick Foligno             Josh Bailey              30     1   1  3  
 2 Ryan Strome              Brandon Saad             Anthony Mantha           30     1   2  2  
 3 Boone Jenner             Marcus Foligno           Austin Watson            30     1   2  2  
 4 Pierre-Edouard Bellemare Pat Maroon               Cedric Paquette          10     2   3  0  

5 vs 5 Defense 
   Defense                  Defense                                           Time % Phy DF OF 
 1 Rasmus Ristolainen       Esa Lindell                                       30     1   2  2  
 2 Jared Spurgeon           Matt Dumba                                        30     1   2  2  
 3 Ben Hutton               Troy Stecher                                      30     1   2  2  
 4 Rasmus Ristolainen       Esa Lindell                                       10     1   3  1  

PowerPlay Forward 
   Center                   Left Wing                Right Wing               Time % Phy DF OF 
 1 Logan Couture            Nick Foligno             Josh Bailey              60     1   1  3  
 2 Ryan Strome              Brandon Saad             Anthony Mantha           40     1   1  3  

PowerPlay Defense
   Defense                  Defense                                           Time % Phy DF OF 
 1 Rasmus Ristolainen       Jared Spurgeon                                    60     1   1  3  
 2 Scott Mayfield           Esa Lindell                                       40     1   1  3  

Penalty Kill 4 Players Forward 
   Center                   Wing                     Time % Phy DF OF 
 1 Boone Jenner             Austin Watson            60     1   4  0  
 2 Cedric Paquette          Carter Rowney            40     1   3  1  

Penalty Kill 4 Players Defense
   Defense                  Defense                  Time % Phy DF OF 
 1 Rasmus Ristolainen       Esa Lindell              60     2   3  0  
 2 Matt Dumba               Scott Mayfield           40     2   3  0  

Penalty Kill - 3 Players Forward 
   Forward                                           Time % Phy DF OF 
 1 Boone Jenner                                      60     1   4  0  
 2 Marcus Foligno                                    40     1   4  0  

Penalty Kill - 3 Players Defense
   Defense                  Defense                  Time % Phy DF OF 
 1 Rasmus Ristolainen       Esa Lindell              60     1   3  1  
 2 Jared Spurgeon           Scott Mayfield           40     1   3  1  

4 vs 4 Forward 
   Center                   Wing                     Time % Phy DF OF 
 1 Logan Couture            Brandon Saad             60     1   1  3  
 2 Ryan Strome              Anthony Mantha           40     1   1  3  

4 vs 4 Defense
   Defense                  Defense                  Time % Phy DF OF 
 1 Rasmus Ristolainen       Esa Lindell              60     1   1  3  
 2 Jared Spurgeon           Ben Hutton               40     1   1  3  

Last Minutes Offensive
   Center                   Left Wing                Right Wing               Defense                  Defense                  
   Logan Couture            Brandon Saad             Anthony Mantha           Rasmus Ristolainen       Jared Spurgeon           

Last Minutes Defensive
   Center                   Left Wing                Right Wing               Defense                  Defense                  
   Boone Jenner             Marcus Foligno           Cedric Paquette          Rasmus Ristolainen       Scott Mayfield           

Goaltenders
Starting : Jacob Markstrom          
Backup : Curtis McElhinney        

Extra Forwards
Normal : Austin Watson, Josh Bailey, Pat Maroon - PP : Pierre-Edouard Bellemare, Cedric Paquette - PK : Austin Watson
Extra Defensemen
Normal : Troy Stecher, Jared Spurgeon, Ben Hutton - PP : Troy Stecher - PK : Scott Mayfield, Troy Stecher
Penalty Shots
Logan Couture, Anthony Mantha, Brandon Saad, Nick Foligno, Ryan Strome

Scratches
NYI Cap Hit (Suspend)

NEW YORK R

5 vs 5 Forward 
   Center                   Left Wing                Right Wing               Time % Phy DF OF 
 1 Leon Draisaitl           Artemi Panarin           Tom Wilson               35     1   2  2  
 2 Bo Horvat                Jake DeBrusk             Connor Brown             30     1   2  2  
 3 Jonathan Marchessault    Andrew Cogliano          Nico Hischier            25     1   2  2  
 4 Nico Hischier            Brendan Lemieux          Leon Draisaitl           10     1   2  2  

5 vs 5 Defense 
   Defense                  Defense                                           Time % Phy DF OF 
 1 Seth Jones               Colton Parayko                                    35     1   2  2  
 2 Marc-Edouard Vlasic      Brett Pesce                                       30     1   2  2  
 3 Cam Fowler               Mike Matheson                                     25     1   2  2  
 4 Seth Jones               Colton Parayko                                    10     1   2  2  

PowerPlay Forward 
   Center                   Left Wing                Right Wing               Time % Phy DF OF 
 1 Leon Draisaitl           Artemi Panarin           Tom Wilson               60     1   2  2  
 2 Bo Horvat                Jake DeBrusk             Connor Brown             40     1   2  2  

PowerPlay Defense
   Defense                  Defense                                           Time % Phy DF OF 
 1 Seth Jones               Colton Parayko                                    60     1   2  2  
 2 Marc-Edouard Vlasic      Brett Pesce                                       40     1   2  2  

Penalty Kill 4 Players Forward 
   Center                   Wing                     Time % Phy DF OF 
 1 Leon Draisaitl           Artemi Panarin           60     1   2  2  
 2 Bo Horvat                Tom Wilson               40     1   2  2  

Penalty Kill 4 Players Defense
   Defense                  Defense                  Time % Phy DF OF 
 1 Seth Jones               Colton Parayko           60     1   2  2  
 2 Marc-Edouard Vlasic      Brett Pesce              40     1   2  2  

Penalty Kill - 3 Players Forward 
   Forward                                           Time % Phy DF OF 
 1 Leon Draisaitl                                    60     1   2  2  
 2 Artemi Panarin                                    40     1   2  2  

Penalty Kill - 3 Players Defense
   Defense                  Defense                  Time % Phy DF OF 
 1 Seth Jones               Colton Parayko           60     1   2  2  
 2 Marc-Edouard Vlasic      Brett Pesce              40     1   2  2  

4 vs 4 Forward 
   Center                   Wing                     Time % Phy DF OF 
 1 Leon Draisaitl           Artemi Panarin           60     1   2  2  
 2 Bo Horvat                Tom Wilson               40     1   2  2  

4 vs 4 Defense
   Defense                  Defense                  Time % Phy DF OF 
 1 Seth Jones               Colton Parayko           60     1   2  2  
 2 Marc-Edouard Vlasic      Brett Pesce              40     1   2  2  

Last Minutes Offensive
   Center                   Left Wing                Right Wing               Defense                  Defense                  
   Leon Draisaitl           Artemi Panarin           Tom Wilson               Seth Jones               Colton Parayko           

Last Minutes Defensive
   Center                   Left Wing                Right Wing               Defense                  Defense                  
   Leon Draisaitl           Artemi Panarin           Tom Wilson               Seth Jones               Colton Parayko           

Goaltenders
Starting : Frederik Andersen        
Backup : Craig Anderson           

Extra Forwards
Normal : Sam Steel, Gabriel Vilardi, Jonathan Marchessault - PP : Sam Steel, Gabriel Vilardi - PK : Jonathan Marchessault
Extra Defensemen
Normal : Cam Fowler, Mike Matheson, Marc-Edouard Vlasic - PP : Cam Fowler - PK : Mike Matheson, Marc-Edouard Vlasic
Penalty Shots
Leon Draisaitl, Artemi Panarin, Bo Horvat, Tom Wilson, Jonathan Marchessault

Scratches
Frederik Gauthier (Healthy), Marcus Kruger (Healthy)

% Time on Ice - NEW YORK I

Lines # - Real PCT - Wanted PCT - Time Play
Normal Forward
1 - 30% - 30% - 15:09
2 - 27% - 30% - 13:27
3 - 28% - 30% - 13:56
4 - 15% - 10% - 7:33
Normal Defense
1 - 27% - 30% - 13:38
2 - 32% - 30% - 15:52
3 - 35% - 30% - 17:22
4 - 6% - 10% - 3:13
PP Forward
1 - 62% - 60% - 1:14
2 - 38% - 40% - 0:45
PP Defense
1 - 62% - 60% - 1:14
2 - 38% - 40% - 0:45
PK Forward
1 - 70% - 60% - 5:33
2 - 30% - 40% - 2:23
PK Defense
1 - 49% - 60% - 3:53
2 - 51% - 40% - 4:03
PK3 Forward
1 - 0% - 60%
2 - 0% - 40%
PK3 Defense
1 - 0% - 60%
2 - 0% - 40%
44 Forward
1 - 0% - 60%
2 - 0% - 40%
44 Defense
1 - 0% - 60%
2 - 0% - 40%
Last Minute Offensive  - 0:00
Last Minute Defensive  - 0:00
Total
Forward - 60:00
Defense - 60:00

% Time on Ice - NEW YORK R

Lines # - Real PCT - Wanted PCT - Time Play
Normal Forward
1 - 33% - 35% - 16:23
2 - 32% - 30% - 16:09
3 - 30% - 25% - 14:57
4 - 5% - 10% - 2:36
Normal Defense
1 - 30% - 35% - 14:59
2 - 30% - 30% - 15:02
3 - 36% - 25% - 17:53
4 - 4% - 10% - 2:11
PP Forward
1 - 52% - 60% - 4:06
2 - 48% - 40% - 3:50
PP Defense
1 - 57% - 60% - 4:31
2 - 43% - 40% - 3:25
PK Forward
1 - 79% - 60% - 1:34
2 - 21% - 40% - 0:25
PK Defense
1 - 61% - 60% - 1:12
2 - 39% - 40% - 0:47
PK3 Forward
1 - 0% - 60%
2 - 0% - 40%
PK3 Defense
1 - 0% - 60%
2 - 0% - 40%
44 Forward
1 - 0% - 60%
2 - 0% - 40%
44 Defense
1 - 0% - 60%
2 - 0% - 40%
Last Minute Offensive  - 0:00
Last Minute Defensive  - 0:00
Total
Forward - 60:00
Defense - 60:00

Play-by-Play

1st period


0:01 of 1st period - Leon Draisaitl wins face-off versus Logan Couture in neutral zone.
0:17 of 1st period - Shot by Artemi Panarin.
0:17 of 1st period - Stopped by Jacob Markstrom without a rebound.
0:18 of 1st period - Ryan Strome wins face-off versus Bo Horvat in NEW YORK I zone.
0:24 of 1st period - Icing by Jared Spurgeon.
0:25 of 1st period - Ryan Strome wins face-off versus Nico Hischier in NEW YORK I zone.
0:25 of 1st period - Ryan Strome is hit by Andrew Cogliano.
0:57 of 1st period - Andrew Cogliano is hit by Anthony Mantha and loses puck.
1:07 of 1st period - Icing by Matt Dumba.
1:08 of 1st period - Bo Horvat wins face-off versus Ryan Strome in NEW YORK I zone.
1:15 of 1st period - Shot by Bo Horvat.
1:15 of 1st period - Shot Misses the Net.
1:26 of 1st period - Icing by Jared Spurgeon.
1:27 of 1st period - Leon Draisaitl wins face-off versus Ryan Strome in NEW YORK I zone.
2:34 of 1st period - Shot by Bo Horvat.
2:34 of 1st period - Deflect By Jake DeBrusk.
2:34 of 1st period - Stopped by Jacob Markstrom without a rebound.
2:35 of 1st period - Jonathan Marchessault wins face-off versus Logan Couture in NEW YORK I zone.
2:40 of 1st period - Shot by Jonathan Marchessault.
2:40 of 1st period - Shot Misses the Net.
2:48 of 1st period - Shot by Jonathan Marchessault.
2:48 of 1st period - Shot Misses the Net.
3:13 of 1st period - Icing by Mike Matheson.
3:14 of 1st period - Jonathan Marchessault wins face-off versus Pierre-Edouard Bellemare in NEW YORK R zone.
3:40 of 1st period - Icing by Matt Dumba.
3:41 of 1st period - Bo Horvat wins face-off versus Pierre-Edouard Bellemare in NEW YORK I zone.
3:41 of 1st period - Connor Brown is hit by Jared Spurgeon and loses puck.
3:52 of 1st period - Shot by Pat Maroon.
3:52 of 1st period - Stopped by Frederik Andersen without a rebound.
3:53 of 1st period - Boone Jenner wins face-off versus Leon Draisaitl in NEW YORK R zone.
4:17 of 1st period - Shot by Artemi Panarin.
4:17 of 1st period - Shot Blocked by Rasmus Ristolainen.
4:20 of 1st period - Tom Wilson beats up Austin Watson.
4:20 of 1st period - Penalty to Tom Wilson for Fighting.
4:20 of 1st period - Penalty to Austin Watson for Fighting.
4:21 of 1st period - Bo Horvat wins face-off versus Logan Couture in NEW YORK I zone.
4:49 of 1st period - Shot by Bo Horvat.
4:49 of 1st period - Shot Blocked by Ben Hutton.
5:43 of 1st period - Off-side.
5:44 of 1st period - Boone Jenner wins face-off versus Leon Draisaitl in neutral zone.
5:59 of 1st period - Shot by Pat Maroon.
5:59 of 1st period - Shot Blocked by Cam Fowler.
6:23 of 1st period - Shot by Pat Maroon.
6:23 of 1st period - Stopped by Frederik Andersen with a rebound.
6:30 of 1st period - Icing by Mike Matheson.
6:31 of 1st period - Leon Draisaitl wins face-off versus Logan Couture in NEW YORK R zone.
6:48 of 1st period - Shot by Logan Couture.
6:48 of 1st period - Shot Blocked by Colton Parayko.
7:13 of 1st period - Shot by Jonathan Marchessault.
7:13 of 1st period - Shot Misses the Net.
7:19 of 1st period - Seth Jones is hit by Nick Foligno and loses puck.
7:30 of 1st period - Shot by Troy Stecher.
7:30 of 1st period - Shot Misses the Net.
7:32 of 1st period - Shot by Troy Stecher.
7:32 of 1st period - Shot Misses the Net.
7:38 of 1st period - Shot by Brandon Saad.
7:38 of 1st period - Stopped by Frederik Andersen without a rebound.
7:39 of 1st period - Bo Horvat wins face-off versus Boone Jenner in NEW YORK R zone.
7:56 of 1st period - Shot by Pat Maroon.
7:56 of 1st period - Shot Blocked by Marc-Edouard Vlasic.
8:18 of 1st period - Shot by Bo Horvat.
8:18 of 1st period - Shot Hit the Post.
9:45 of 1st period - Seth Jones is hit by Nick Foligno and loses puck.
10:16 of 1st period - Connor Brown is hit by Rasmus Ristolainen and loses puck.
10:31 of 1st period - Icing by Brett Pesce.
10:32 of 1st period - Pierre-Edouard Bellemare wins face-off versus Bo Horvat in NEW YORK R zone.
10:58 of 1st period - Jared Spurgeon is hit by Cam Fowler and loses puck.
11:16 of 1st period - Icing by Cam Fowler.
11:17 of 1st period - Ryan Strome wins face-off versus Artemi Panarin in NEW YORK R zone.
11:17 of 1st period - Anthony Mantha is hit by Mike Matheson and loses puck.
11:20 of 1st period - Shot by Troy Stecher.
11:20 of 1st period - Stopped by Frederik Andersen with a rebound.
11:22 of 1st period - Shot by Anthony Mantha.
11:22 of 1st period - Stopped by Frederik Andersen without a rebound.
11:23 of 1st period - Jonathan Marchessault wins face-off versus Boone Jenner in NEW YORK R zone.
11:23 of 1st period - Jonathan Marchessault is hit by Austin Watson.
12:27 of 1st period - Shot by Anthony Mantha.
12:27 of 1st period - Shot Blocked by Brett Pesce.
12:33 of 1st period - Shot by Ryan Strome.
12:33 of 1st period - Stopped by Frederik Andersen without a rebound.
12:34 of 1st period - Logan Couture wins face-off versus Bo Horvat in NEW YORK R zone.
13:44 of 1st period - Icing by Mike Matheson.
13:45 of 1st period - Pierre-Edouard Bellemare wins face-off versus Bo Horvat in NEW YORK R zone.
14:20 of 1st period - Shot by Cedric Paquette.
14:20 of 1st period - Stopped by Frederik Andersen with a rebound.
14:21 of 1st period - Minor Penalty to Cedric Paquette for Tripping.
14:22 of 1st period - Leon Draisaitl wins face-off versus Boone Jenner in NEW YORK I zone.
14:23 of 1st period - Shot by Tom Wilson.
14:23 of 1st period - Deflect By Artemi Panarin.
14:23 of 1st period - Shot Misses the Net.
16:57 of 1st period - Shot by Andrew Cogliano.
16:57 of 1st period - Stopped by Jacob Markstrom without a rebound.
16:58 of 1st period - Leon Draisaitl wins face-off versus Logan Couture in NEW YORK I zone.
17:12 of 1st period - Icing by Marc-Edouard Vlasic.
17:13 of 1st period - Leon Draisaitl wins face-off versus Pierre-Edouard Bellemare in NEW YORK R zone.
17:42 of 1st period - Shot by Tom Wilson.
17:42 of 1st period - Shot Misses the Net.
17:44 of 1st period - Shot by Artemi Panarin.
17:44 of 1st period - Shot Misses the Net.
17:46 of 1st period - Shot by Marc-Edouard Vlasic.
17:46 of 1st period - Stopped by Jacob Markstrom without a rebound.
17:47 of 1st period - Marcus Foligno wins face-off versus Jonathan Marchessault in NEW YORK I zone.
18:41 of 1st period - Shot by Artemi Panarin.
18:41 of 1st period - Stopped by Jacob Markstrom without a rebound.
18:42 of 1st period - Bo Horvat wins face-off versus Ryan Strome in NEW YORK I zone.
19:00 of 1st period - Icing by Ryan Strome.
19:01 of 1st period - Leon Draisaitl wins face-off versus Ryan Strome in NEW YORK I zone.
19:06 of 1st period - Shot by Leon Draisaitl.
19:06 of 1st period - Stopped by Jacob Markstrom with a rebound.
19:20 of 1st period - Leon Draisaitl is hit by Anthony Mantha and loses puck.
19:31 of 1st period - Shot by Brandon Saad.
19:31 of 1st period - Shot Blocked by Cam Fowler.
19:33 of 1st period - Shot by Ryan Strome.
19:33 of 1st period - Stopped by Frederik Andersen without a rebound.
19:34 of 1st period - Logan Couture wins face-off versus Bo Horvat in NEW YORK R zone.
19:34 of 1st period - Nick Foligno is hit by Seth Jones and loses puck.
19:40 of 1st period - Bo Horvat is hit by Nick Foligno.
Goals for this period are 0 for NEW YORK I vs 0 for NEW YORK R.
Shots for this period are 8 for NEW YORK I vs 6 for NEW YORK R.

2nd period


0:01 of 2nd period - Boone Jenner wins face-off versus Nico Hischier in neutral zone.
1:10 of 2nd period - Shot by Jared Spurgeon.
1:10 of 2nd period - Shot Blocked by Brett Pesce.
1:12 of 2nd period - Shot by Logan Couture.
1:12 of 2nd period - Stopped by Frederik Andersen with a rebound.
1:14 of 2nd period - Shot by Josh Bailey.
1:14 of 2nd period - Shot Misses the Net.
1:24 of 2nd period - Shot by Logan Couture.
1:24 of 2nd period - Stopped by Frederik Andersen without a rebound.
1:25 of 2nd period - Ryan Strome wins face-off versus Artemi Panarin in NEW YORK R zone.
1:30 of 2nd period - Shot by Anthony Mantha.
1:30 of 2nd period - Stopped by Frederik Andersen without a rebound.
1:31 of 2nd period - Ryan Strome wins face-off versus Artemi Panarin in NEW YORK R zone.
1:38 of 2nd period - Shot by Ryan Strome.
1:38 of 2nd period - Stopped by Frederik Andersen with a rebound.
1:40 of 2nd period - Shot by Brandon Saad.
1:40 of 2nd period - Deflect By Ryan Strome.
1:40 of 2nd period - Shot Misses the Net.
1:46 of 2nd period - Shot by Anthony Mantha.
1:46 of 2nd period - Shot Misses the Net.
2:05 of 2nd period - Minor Penalty to Tom Wilson for Hooking.
2:06 of 2nd period - Logan Couture wins face-off versus Jonathan Marchessault in NEW YORK R zone.
2:35 of 2nd period - Shot by Josh Bailey.
2:35 of 2nd period - Deflect By Logan Couture.
2:35 of 2nd period - Stopped by Frederik Andersen without a rebound.
2:36 of 2nd period - Leon Draisaitl wins face-off versus Ryan Strome in NEW YORK R zone.
2:54 of 2nd period - Shot by Ryan Strome.
2:54 of 2nd period - Deflect By Brandon Saad.
2:54 of 2nd period - Shot Blocked by Marc-Edouard Vlasic.
2:56 of 2nd period - Shot by Esa Lindell.
2:56 of 2nd period - Stopped by Frederik Andersen without a rebound.
2:57 of 2nd period - Bo Horvat wins face-off versus Logan Couture in NEW YORK R zone.
2:57 of 2nd period - Bo Horvat is hit by Nick Foligno.
3:15 of 2nd period - Shot by Jared Spurgeon.
3:15 of 2nd period - Deflect By Josh Bailey.
3:15 of 2nd period - Shot Misses the Net.
3:17 of 2nd period - Shot by Jared Spurgeon.
3:17 of 2nd period - Shot Misses the Net.
3:28 of 2nd period - Shot by Rasmus Ristolainen.
3:28 of 2nd period - Shot Misses the Net.
3:30 of 2nd period - Shot by Nick Foligno.
3:30 of 2nd period - Shot Misses the Net.
4:06 of 2nd period - Shot by Ryan Strome.
4:06 of 2nd period - Stopped by Frederik Andersen without a rebound.
4:07 of 2nd period - Boone Jenner wins face-off versus Nico Hischier in NEW YORK R zone.
4:26 of 2nd period - Nico Hischier is hit by Ben Hutton and loses puck.
4:35 of 2nd period - Shot by Jonathan Marchessault.
4:35 of 2nd period - Shot Blocked by Troy Stecher.
4:37 of 2nd period - Shot by Mike Matheson.
4:37 of 2nd period - Stopped by Jacob Markstrom with a rebound.
4:43 of 2nd period - Shot by Nico Hischier.
4:43 of 2nd period - Stopped by Jacob Markstrom with a rebound.
4:45 of 2nd period - Shot by Jonathan Marchessault.
4:45 of 2nd period - Goal by Jonathan Marchessault - NEW YORK I : 0 - NEW YORK R : 1.
4:46 of 2nd period - Bo Horvat wins face-off versus Ryan Strome in neutral zone.
4:53 of 2nd period - Shot by Connor Brown.
4:53 of 2nd period - Stopped by Jacob Markstrom without a rebound.
4:54 of 2nd period - Logan Couture wins face-off versus Bo Horvat in NEW YORK I zone.
4:54 of 2nd period - Logan Couture is hit by Bo Horvat.
5:14 of 2nd period - Shot by Seth Jones.
5:14 of 2nd period - Shot Misses the Net.
5:16 of 2nd period - Shot by Bo Horvat.
5:16 of 2nd period - Shot Misses the Net.
5:18 of 2nd period - Shot by Connor Brown.
5:18 of 2nd period - Shot Misses the Net.
5:48 of 2nd period - Icing by Logan Couture.
5:49 of 2nd period - Logan Couture wins face-off versus Leon Draisaitl in NEW YORK I zone.
6:11 of 2nd period - Icing by Brett Pesce.
6:12 of 2nd period - Boone Jenner wins face-off versus Leon Draisaitl in NEW YORK R zone.
6:18 of 2nd period - Minor Penalty to Austin Watson for Holding.
6:19 of 2nd period - Connor Brown wins face-off versus Boone Jenner in NEW YORK I zone.
6:22 of 2nd period - Shot by Jake DeBrusk.
6:22 of 2nd period - Shot Misses the Net.
8:00 of 2nd period - Artemi Panarin is hit by Rasmus Ristolainen.
8:23 of 2nd period - Shot by Brandon Saad.
8:23 of 2nd period - Stopped by Frederik Andersen with a rebound.
9:11 of 2nd period - Mike Matheson is hit by Marcus Foligno and loses puck.
9:16 of 2nd period - Shot by Austin Watson.
9:16 of 2nd period - Goal by Austin Watson - NEW YORK I : 1 - NEW YORK R : 1.
9:17 of 2nd period - Jake DeBrusk wins face-off versus Pierre-Edouard Bellemare in neutral zone.
9:23 of 2nd period - Bo Horvat is hit by Rasmus Ristolainen and loses puck.
10:27 of 2nd period - Off-side.
10:28 of 2nd period - Boone Jenner wins face-off versus Leon Draisaitl in neutral zone.
11:08 of 2nd period - Icing by Artemi Panarin.
11:09 of 2nd period - Leon Draisaitl wins face-off versus Logan Couture in NEW YORK R zone.
11:24 of 2nd period - Shot by Nick Foligno.
11:24 of 2nd period - Deflect By Logan Couture.
11:24 of 2nd period - Stopped by Frederik Andersen with a rebound.
13:15 of 2nd period - Icing by Marcus Foligno.
13:16 of 2nd period - Boone Jenner wins face-off versus Jonathan Marchessault in NEW YORK I zone.
13:16 of 2nd period - Boone Jenner is hit by Jonathan Marchessault.
13:35 of 2nd period - Minor Penalty to Troy Stecher for Goalie Interference.
13:36 of 2nd period - Austin Watson wins face-off versus Bo Horvat in NEW YORK I zone.
14:47 of 2nd period - Bo Horvat is hit by Austin Watson and loses puck.
16:14 of 2nd period - Shot by Brandon Saad.
16:14 of 2nd period - Stopped by Frederik Andersen without a rebound.
16:15 of 2nd period - Logan Couture wins face-off versus Leon Draisaitl in NEW YORK R zone.
16:16 of 2nd period - Shot by Nick Foligno.
16:16 of 2nd period - Shot Misses the Net.
16:24 of 2nd period - Shot by Artemi Panarin.
16:24 of 2nd period - Shot Misses the Net.
17:09 of 2nd period - Off-side.
17:10 of 2nd period - Boone Jenner wins face-off versus Nico Hischier in neutral zone.
17:25 of 2nd period - Shot by Esa Lindell.
17:25 of 2nd period - Stopped by Frederik Andersen without a rebound.
17:26 of 2nd period - Ryan Strome wins face-off versus Bo Horvat in NEW YORK R zone.
18:24 of 2nd period - Shot by Colton Parayko.
18:24 of 2nd period - Stopped by Jacob Markstrom without a rebound.
18:25 of 2nd period - Logan Couture wins face-off versus Leon Draisaitl in NEW YORK I zone.
18:31 of 2nd period - Minor Penalty to Nick Foligno for Holding.
18:32 of 2nd period - Boone Jenner wins face-off versus Leon Draisaitl in NEW YORK I zone.
19:48 of 2nd period - Brett Pesce is hit by Austin Watson and loses puck.
Goals for this period are 1 for NEW YORK I vs 1 for NEW YORK R.
Shots for this period are 12 for NEW YORK I vs 5 for NEW YORK R.

3rd period


0:01 of 3rd period - Boone Jenner wins face-off versus Leon Draisaitl in neutral zone.
0:12 of 3rd period - Shot by Artemi Panarin.
0:12 of 3rd period - Stopped by Jacob Markstrom with a rebound.
1:00 of 3rd period - Shot by Logan Couture.
1:00 of 3rd period - Deflect By Nick Foligno.
1:00 of 3rd period - Shot Blocked by Bo Horvat.
1:02 of 3rd period - Shot by Troy Stecher.
1:02 of 3rd period - Stopped by Frederik Andersen without a rebound.
1:03 of 3rd period - Boone Jenner wins face-off versus Jonathan Marchessault in NEW YORK R zone.
2:12 of 3rd period - Shot by Artemi Panarin.
2:12 of 3rd period - Stopped by Jacob Markstrom without a rebound.
2:13 of 3rd period - Logan Couture wins face-off versus Bo Horvat in NEW YORK I zone.
2:26 of 3rd period - Shot by Logan Couture.
2:26 of 3rd period - Stopped by Frederik Andersen without a rebound.
2:27 of 3rd period - Tom Wilson wins face-off versus Ryan Strome in NEW YORK R zone.
2:27 of 3rd period - Tom Wilson is hit by Anthony Mantha.
2:30 of 3rd period - Artemi Panarin is hit by Anthony Mantha and loses puck.
2:46 of 3rd period - Off-side.
2:47 of 3rd period - Bo Horvat wins face-off versus Logan Couture in neutral zone.
2:56 of 3rd period - Shot by Bo Horvat.
2:56 of 3rd period - Deflect By Jake DeBrusk.
2:56 of 3rd period - Shot Misses the Net.
3:00 of 3rd period - Shot by Connor Brown.
3:00 of 3rd period - Shot Misses the Net.
3:10 of 3rd period - Icing by Logan Couture.
3:11 of 3rd period - Leon Draisaitl wins face-off versus Logan Couture in NEW YORK I zone.
3:12 of 3rd period - Shot by Tom Wilson.
3:12 of 3rd period - Shot Misses the Net.
3:19 of 3rd period - Artemi Panarin is hit by Matt Dumba and loses puck.
3:43 of 3rd period - Leon Draisaitl is hit by Matt Dumba and loses puck.
3:52 of 3rd period - Shot by Tom Wilson.
3:52 of 3rd period - Shot Blocked by Jared Spurgeon.
4:04 of 3rd period - Jake DeBrusk is hit by Nick Foligno and loses puck.
4:47 of 3rd period - Icing by Matt Dumba.
4:48 of 3rd period - Logan Couture wins face-off versus Jonathan Marchessault in NEW YORK I zone.
5:15 of 3rd period - Shot by Marcus Foligno.
5:15 of 3rd period - Shot Misses the Net.
5:50 of 3rd period - Seth Jones is hit by Boone Jenner and loses puck.
7:12 of 3rd period - Scott Mayfield is hit by Connor Brown and loses puck.
7:23 of 3rd period - Shot by Scott Mayfield.
7:23 of 3rd period - Stopped by Frederik Andersen without a rebound.
7:24 of 3rd period - Pierre-Edouard Bellemare wins face-off versus Andrew Cogliano in NEW YORK R zone.
8:10 of 3rd period - Shot by Artemi Panarin.
8:10 of 3rd period - Shot Misses the Net.
8:36 of 3rd period - Shot by Artemi Panarin.
8:36 of 3rd period - Shot Misses the Net.
8:38 of 3rd period - Shot by Tom Wilson.
8:38 of 3rd period - Shot Misses the Net.
8:40 of 3rd period - Shot by Colton Parayko.
8:40 of 3rd period - Shot Hit the Post.
8:42 of 3rd period - Shot by Leon Draisaitl.
8:42 of 3rd period - Deflect By Artemi Panarin.
8:42 of 3rd period - Shot Misses the Net.
9:01 of 3rd period - Shot by Brett Pesce.
9:01 of 3rd period - Stopped by Jacob Markstrom without a rebound.
9:02 of 3rd period - Bo Horvat wins face-off versus Ryan Strome in NEW YORK I zone.
9:02 of 3rd period - Bo Horvat is hit by Rasmus Ristolainen.
9:22 of 3rd period - Anthony Mantha is hit by Marc-Edouard Vlasic and loses puck.
9:25 of 3rd period - Shot by Ryan Strome.
9:25 of 3rd period - Stopped by Frederik Andersen without a rebound.
9:26 of 3rd period - Jonathan Marchessault wins face-off versus Boone Jenner in NEW YORK R zone.
9:37 of 3rd period - Shot by Jonathan Marchessault.
9:37 of 3rd period - Stopped by Jacob Markstrom with a rebound.
9:39 of 3rd period - Shot by Jonathan Marchessault.
9:39 of 3rd period - Stopped by Jacob Markstrom with a rebound.
9:41 of 3rd period - Shot by Jonathan Marchessault.
9:41 of 3rd period - Shot Blocked by Jared Spurgeon.
9:43 of 3rd period - Shot by Jonathan Marchessault.
9:43 of 3rd period - Shot Blocked by Matt Dumba.
9:57 of 3rd period - Shot by Nico Hischier.
9:57 of 3rd period - Shot Misses the Net.
9:59 of 3rd period - Shot by Cam Fowler.
9:59 of 3rd period - Shot Misses the Net.
10:01 of 3rd period - Shot by Cam Fowler.
10:01 of 3rd period - Shot Misses the Net.
10:39 of 3rd period - Colton Parayko is hit by Anthony Mantha.
10:43 of 3rd period - Leon Draisaitl is hit by Brandon Saad and loses puck.
11:29 of 3rd period - Josh Bailey is hit by Connor Brown.
13:05 of 3rd period - Shot by Artemi Panarin.
13:05 of 3rd period - Shot Misses the Net.
13:07 of 3rd period - Shot by Colton Parayko.
13:07 of 3rd period - Shot Misses the Net.
13:09 of 3rd period - Shot by Colton Parayko.
13:09 of 3rd period - Shot Blocked by Ben Hutton.
13:17 of 3rd period - Shot by Leon Draisaitl.
13:17 of 3rd period - Stopped by Jacob Markstrom without a rebound.
13:18 of 3rd period - Bo Horvat wins face-off versus Pierre-Edouard Bellemare in NEW YORK I zone.
14:04 of 3rd period - Icing by Jared Spurgeon.
14:05 of 3rd period - Nico Hischier wins face-off versus Logan Couture in NEW YORK I zone.
14:21 of 3rd period - Icing by Matt Dumba.
14:22 of 3rd period - Logan Couture wins face-off versus Leon Draisaitl in NEW YORK I zone.
14:24 of 3rd period - Icing by Josh Bailey.
14:25 of 3rd period - Andrew Cogliano wins face-off versus Logan Couture in NEW YORK I zone.
14:43 of 3rd period - Andrew Cogliano is hit by Nick Foligno and loses puck.
15:08 of 3rd period - Austin Watson is hit by Jonathan Marchessault and loses puck.
15:30 of 3rd period - Shot by Marcus Foligno.
15:30 of 3rd period - Shot Misses the Net.
16:12 of 3rd period - Shot by Artemi Panarin.
16:12 of 3rd period - Shot Blocked by Ben Hutton.
16:14 of 3rd period - Shot by Brett Pesce.
16:14 of 3rd period - Stopped by Jacob Markstrom without a rebound.
16:15 of 3rd period - Pierre-Edouard Bellemare wins face-off versus Bo Horvat in NEW YORK I zone.
16:15 of 3rd period - Pierre-Edouard Bellemare is hit by Connor Brown.
16:43 of 3rd period - Shot by Pat Maroon.
16:43 of 3rd period - Shot Misses the Net.
18:33 of 3rd period - Shot by Ryan Strome.
18:33 of 3rd period - Stopped by Frederik Andersen without a rebound.
18:34 of 3rd period - Bo Horvat wins face-off versus Logan Couture in NEW YORK R zone.
18:41 of 3rd period - Icing by Troy Stecher.
18:42 of 3rd period - Bo Horvat wins face-off versus Logan Couture in NEW YORK I zone.
18:57 of 3rd period - Connor Brown is hit by Nick Foligno.
Goals for this period are 0 for NEW YORK I vs 0 for NEW YORK R.
Shots for this period are 5 for NEW YORK I vs 7 for NEW YORK R.

Overtime #1


0:01 of 1st overtime period - Pierre-Edouard Bellemare wins face-off versus Bo Horvat in neutral zone.
0:16 of 1st overtime period - Shot by Nick Foligno.
0:16 of 1st overtime period - Shot Blocked by Colton Parayko.
0:18 of 1st overtime period - Shot by Matt Dumba.
0:18 of 1st overtime period - Stopped by Frederik Andersen without a rebound.
0:19 of 1st overtime period - Pierre-Edouard Bellemare wins face-off versus Bo Horvat in NEW YORK R zone.
0:26 of 1st overtime period - Shot by Pierre-Edouard Bellemare.
0:26 of 1st overtime period - Stopped by Frederik Andersen without a rebound.
0:27 of 1st overtime period - Pierre-Edouard Bellemare wins face-off versus Bo Horvat in NEW YORK R zone.
0:38 of 1st overtime period - Shot by Pierre-Edouard Bellemare.
0:38 of 1st overtime period - Stopped by Frederik Andersen with a rebound.
0:46 of 1st overtime period - Shot by Bo Horvat.
0:46 of 1st overtime period - Stopped by Jacob Markstrom without a rebound.
0:47 of 1st overtime period - Pierre-Edouard Bellemare wins face-off versus Bo Horvat in NEW YORK I zone.
1:06 of 1st overtime period - Shot by Andrew Cogliano.
1:06 of 1st overtime period - Stopped by Jacob Markstrom without a rebound.
1:07 of 1st overtime period - Pierre-Edouard Bellemare wins face-off versus Bo Horvat in NEW YORK I zone.
1:57 of 1st overtime period - Shot by Artemi Panarin.
1:57 of 1st overtime period - Stopped by Jacob Markstrom without a rebound.
1:58 of 1st overtime period - Leon Draisaitl wins face-off versus Cedric Paquette in NEW YORK I zone.
3:00 of 1st overtime period - Shot by Leon Draisaitl.
3:00 of 1st overtime period - Shot Misses the Net.
3:29 of 1st overtime period - Icing by Ben Hutton.
3:30 of 1st overtime period - Cedric Paquette wins face-off versus Sam Steel in NEW YORK I zone.
3:30 of 1st overtime period - Cedric Paquette is hit by Artemi Panarin.
3:42 of 1st overtime period - Shot by Ben Hutton.
3:42 of 1st overtime period - Stopped by Frederik Andersen without a rebound.
3:43 of 1st overtime period - Pierre-Edouard Bellemare wins face-off versus Bo Horvat in NEW YORK R zone.
3:56 of 1st overtime period - Shot by Pat Maroon.
3:56 of 1st overtime period - Shot Misses the Net.
4:11 of 1st overtime period - Off-side.
4:12 of 1st overtime period - Pierre-Edouard Bellemare wins face-off versus Leon Draisaitl in neutral zone.
Goals for this period are 0 for NEW YORK I vs 0 for NEW YORK R.
Shots for this period are 4 for NEW YORK I vs 3 for NEW YORK R.

ShootOut


5:00 of 1st overtime period - Round #1.
5:00 of 1st overtime period - NEW YORK I, Logan Couture.
5:00 of 1st overtime period - Goal by Logan Couture.
5:00 of 1st overtime period - NEW YORK R, Leon Draisaitl.
5:00 of 1st overtime period - Shot Misses the Net.
5:00 of 1st overtime period - Round #2.
5:00 of 1st overtime period - NEW YORK I, Anthony Mantha.
5:00 of 1st overtime period - Stopped by Frederik Andersen.
5:00 of 1st overtime period - NEW YORK R, Artemi Panarin.
5:00 of 1st overtime period - Stopped by Jacob Markstrom.
5:00 of 1st overtime period - Round #3.
5:00 of 1st overtime period - NEW YORK I, Brandon Saad.
5:00 of 1st overtime period - Stopped by Frederik Andersen.
5:00 of 1st overtime period - NEW YORK R, Bo Horvat.
5:00 of 1st overtime period - Stopped by Jacob Markstrom.